AoeStats
← TaughtSand7893

African Clearing

506441482Analyzed
4v4 RM · 19d ago on Sep 13, 2026· 51m 34s· 8 players
Game mode
Random Map
Map size
Large (8 player)
Population
200
Speed
Normal
Resources
Standard
Victory
Conquest
Starting age
Dark Age
Ending age
Imperial Age
RankedLock teamsTeams togetherTeam positionsShared explorationLock speedFull tech treeHidden civsTurbo modeCheats
Victory
Defeat
🇨🇿 Teutons · Czechia
1246
+16
🇨🇳 Slavs · China
1245
+16
🇬🇧 Berbers · United Kingdom
1216
+17
🇳🇪 Poles · Niger
1188
+18
🇻🇳 Vietnamese · Vietnam
1301
-19
🇻🇳 Dravidians · Vietnam
1247
-17
🇻🇳 Wei · Vietnam
1223
-16
🇻🇳 Mongols · Vietnam
1204
-15
codobaggins
10:05 Loom
12:32 Feudal Age
13:22 Double-Bit Axe
15:08 Horse Collar
15:38 Fletching
24:42 Padded Archer Armor
27:03 Wheelbarrow
32:33 Castle Age
34:40 Wheelbarrow
34:48 Bow Saw
34:51 Gold Mining
39:21 Hand Cart
42:15 Heavy Plow
44:03 Stone Mining
45:03 Kasbah
48:02 Imperial Age
45:54 Padded Archer Armor
46:48 Gold Shaft Mining
46:27 Bodkin Arrow
48:08 Leather Archer Armor
48:29 Ballistics
49:49 Conscription
49:37 Bracer
50:07 Ring Archer Armor
50:35 Elite Camel Archer
51:22 Husbandry
51:43 Bloodlines
51:52 Caravan
TaughtSand7893
7:57 Loom
14:21 Feudal Age
18:11 Castle Age
17:25 Double-Bit Axe
17:29 Horse Collar
19:09 Bow Saw
19:34 Heavy Plow
24:10 Szlachta Privileges
26:20 Bloodlines
26:24 Forging
26:20 Scale Barding Armor
27:16 Husbandry
29:06 Iron Casting
31:40 Wheelbarrow
31:28 Chain Barding Armor
35:51 Imperial Age
34:05 Hand Cart
36:34 Cavalier
38:20 Blast Furnace
39:59 Hand Cart
40:07 Lechitic Legacy
40:13 Lechitic Legacy
40:14 Conscription
39:16 Light Cavalry
40:14 Gold Mining
40:15 Stone Mining
41:20 Crop Rotation
41:54 Fletching
41:34 Winged Hussar
44:04 Chemistry
一叶知秋
14:29 Feudal Age
19:54 Castle Age
18:16 Double-Bit Axe
18:40 Horse Collar
20:18 Bloodlines
26:05 Husbandry
29:24 Wheelbarrow
31:14 Scale Barding Armor
32:32 Town Watch
32:50 Light Cavalry
35:05 Ballistics
35:16 Forging
35:30 Bow Saw
35:24 Heavy Plow
36:36 Iron Casting
35:52 Fletching
35:26 Elite Skirmisher
37:48 Hand Cart
37:56 Chain Barding Armor
37:38 Padded Archer Armor
37:35 Bodkin Arrow
38:00 Gold Mining
39:22 Leather Archer Armor
44:03 Imperial Age
43:29 Gold Shaft Mining
42:45 Stone Mining
46:13 Chemistry
45:18 Siege Engineers
45:45 Ring Archer Armor
45:21 Cavalier
46:03 Hussar
51:37 Plate Barding Armor
52:27 Blast Furnace
HaxorRomadur
6:39 Loom
14:14 Feudal Age
18:50 Castle Age
16:39 Double-Bit Axe
16:58 Horse Collar
21:10 Bow Saw
21:02 Heavy Plow
20:23 Man-at-Arms
25:10 Stone Mining
26:38 Wheelbarrow
25:44 Long Swordsman
26:59 Scale Mail Armor
26:45 Arson
27:01 Squires
27:45 Gambesons
28:28 Chain Mail Armor
29:29 Gold Mining
29:57 Forging
35:49 Imperial Age
34:23 Iron Casting
33:16 Pikeman
33:28 Pikeman
35:37 Hand Cart
35:09 Town Watch
36:58 Conscription
35:59 Two-Handed Swordsman
37:11 Plate Mail Armor
37:42 Blast Furnace
37:43 Stone Shaft Mining
36:50 Halberdier
38:45 Chemistry
37:21 Champion
39:12 Siege Engineers
39:29 Ballistics
39:03 Fletching
40:08 Bodkin Arrow
40:19 Scale Barding Armor
41:47 Crenellations
45:21 Ironclad
45:38 Hoardings
46:07 Crop Rotation
46:39 Two-Man Saw
46:01 Masonry
50:02 Chain Barding Armor
49:54 Cavalier
50:46 Bloodlines
51:53 Plate Barding Armor
50:56 Paladin
Tin's
10:39 Loom
13:08 Feudal Age
20:03 Castle Age
19:34 Double-Bit Axe
19:46 Stone Mining
28:10 Padded Archer Armor
31:16 Gold Mining
34:20 Fletching
37:34 Bodkin Arrow
37:57 Horse Collar
40:39 Leather Archer Armor
43:34 Bow Saw
45:00 Ballistics
46:52 Wheelbarrow
Phu Thuy
10:33 Loom
13:13 Feudal Age
15:05 Wheelbarrow
17:39 Castle Age
16:06 Double-Bit Axe
16:02 Horse Collar
19:26 Fletching
32:11 Bodkin Arrow
33:25 Padded Archer Armor
33:48 Bow Saw
33:39 Heavy Plow
33:31 Gold Mining
34:55 Hand Cart
34:25 Town Watch
34:59 Leather Archer Armor
37:15 Ballistics
38:17 Gold Shaft Mining
37:59 Squires
37:20 Pikeman
38:12 Forging
38:02 Scale Mail Armor
42:49 Iron Casting
42:30 Chain Mail Armor
45:56 Imperial Age
46:28 Tuntian
45:58 Halberdier
47:40 Blast Furnace
46:41 Bracer
47:11 Ring Archer Armor
47:43 Chemistry
48:27 Thumb Ring
48:47 Parthian Tactics
kw3dsky
6:47 Loom
14:35 Feudal Age
19:54 Castle Age
18:49 Stone Mining
18:42 Horse Collar
19:38 Double-Bit Axe
23:38 Wheelbarrow
28:25 Hand Cart
35:33 Imperial Age
33:15 Fletching
33:26 Padded Archer Armor
33:47 Gold Mining
34:09 Bow Saw
34:18 Bodkin Arrow
34:36 Heavy Plow
35:32 Leather Archer Armor
36:06 Medical Corps
35:54 Elite Elephant Archer
37:56 Bracer
38:27 Ring Archer Armor
37:59 Husbandry
42:43 Chemistry
41:57 Fortified Wall
42:54 Masonry
44:17 Ballistics
44:18 Bombard Tower
danganharmy
6:50 Loom
14:40 Feudal Age
15:24 Double-Bit Axe
19:56 Castle Age
25:56 Bow Saw
26:01 Squires
31:55 Forging
31:45 Scale Mail Armor
35:01 Wheelbarrow
36:21 Hand Cart
44:16 Town Watch
46:08 Pikeman
Connection lost

Rejoining the realm…

Still unreachable

The connection could not be restored.

Session expired

The server has moved on; the page needs a fresh start.